 Dungeon Crawl Stone Soup version 0.29-a0-330-g52719c12eb (webtiles) character file.

Game seed: 3386568010519528985

2926 Flugslaktarn the Stinger (level 10, 0/76 HPs)
             Began as a Human Venom Mage on Apr 13, 2022.
             Was a Follower of Cheibriados.
             Slain by a yak (13 damage)
             ... on level 9 of the Dungeon.
             The game lasted 00:17:57 (3197 turns).

Flugslaktarn the Stinger (Human Venom Mage)         Turns: 3197, Time: 00:17:57

Health: 0/76       AC:  7    Str:  9    XL:     10   Next: 7%
Magic:  3/17       EV: 14    Int: 23    God:    Cheibriados [*.....]
Gold:   254        SH:  0    Dex: 17    Spells: 2/19 levels left

rFire   . . .      SeeInvis .   n - +0 trident (freeze)
rCold   . . .      Faith    .   (no shield)
rNeg    . . .      Spirit   .   a - +0 robe
rPois   .          Reflect  .   (no helmet)
rElec   .          Harm     .   C - +0 cloak
rCorr   .          Rampage  .   (no gloves)
Will    .....                   (no boots)
Stlth   ++........              (no amulet)
HPRegen 0.22/turn               p - +4 ring of protection
MPRegen 0.15/turn               (no ring)

@: marked, very slow
A: weak 1, evolution 1
a: Renounce Religion, Bend Time


You were on level 9 of the Dungeon.
You worshipped Cheibriados.
Cheibriados was aware of your devotion.
You visited 2 branches of the dungeon, and saw 12 of its levels.

You collected 338 gold pieces.
You spent 84 gold pieces at shops.

Inventory:

Hand Weapons
 g - a +0 hunting sling
   (You found it on level 4 of the Dungeon)
 h - a +0 battleaxe
   (You found it on level 4 of the Dungeon)
 i - a +0 long sword
   (You found it on level 4 of the Dungeon)
 n - a +0 trident of freezing (weapon)
   (You found it on level 4 of the Dungeon)
 o - a +0 great sword
   (You found it on level 3 of the Dungeon)
Missiles
 d - 153 stones
 x - 2 throwing nets
Armour
 a - a +0 robe (worn)
 e - a +2 scale mail of positive energy
   (You found it on level 3 of the Dungeon)
 C - a +0 cloak (worn)
   (You found it on level 7 of the Dungeon)
Magical Staves
 y - a staff of earth
   (You found it on level 6 of the Dungeon)
Jewellery
 p - a +4 ring of protection (left hand)
   (You found it on level 2 of the Dungeon)
Wands
 f - a wand of flame (29)
   (You took it off Grinder on level 4 of the Dungeon)
 j - a wand of mindburst (4)
   (You found it on level 4 of the Dungeon)
 m - a wand of acid (13)
   (You found it on level 4 of the Dungeon)
 r - a wand of paralysis (11)
   (You found it on level 8 of the Dungeon)
 u - a wand of digging (2)
   (You found it on level 6 of the Dungeon)
 v - a wand of iceblast (39)
   (You found it on level 6 of the Dungeon)
 F - a wand of charming (12)
   (You found it on level 8 of the Dungeon)
Scrolls
 b - 2 scrolls of enchant armour
 c - 3 scrolls of summoning
 s - a scroll of amnesia
 w - a scroll of vulnerability
 z - a scroll of blinking
 A - a scroll of magic mapping {unknown}
 D - 2 scrolls of fog {unknown}
Potions
 k - 2 potions of flight {unknown}
 l - 2 potions of mutation
 q - 3 potions of curing
 B - a potion of cancellation {unknown}
 E - a potion of brilliance {unknown}


   Skills:
 - Level 6.0 Fighting
 - Level 2.0 Polearms
 - Level 4.0 Dodging
 - Level 2.0 Stealth
 - Level 4.2 Unarmed Combat
 + Level 5.0 Spellcasting
 - Level 1.0 Conjurations
 - Level 2.0 Transmutations
 * Level 0.0 Ice Magic
 - Level 2.0 Air Magic
 - Level 7.0 Poison Magic
 - Level 0.2 Invocations
 * Level 4.5 Evocations


You had 2 spell levels left.
You knew the following spells:

 Your Spells              Type           Power      Damage    Failure   Level
a - Sting                 Tmut/Pois      100%       1d8       1%          1
b - Poisonous Vapours     Pois/Air       52%        N/A       2%          2
c - Mephitic Cloud        Conj/Pois/Air  21%        N/A       7%          3
d - Olgreb's Toxic Radia  Pois           37%        N/A       5%          4
e - Ozocubu's Refrigerat  Ice            2%         4d5       100%        7

Your spell library contained the following spells:

 Spells                   Type           Power      Damage    Failure   Level
 Dazzling Flash           Conj/Hex       16%        N/A       22%         3
 Ozocubu's Armour         Ice            5%         N/A       28%         3
 Silence                  Hex/Air        5%         N/A       86%         5
 Agony                    Necr           5%         N/A       95%         5


Dungeon Overview and Level Annotations

Branches:
Dungeon (11/15)            Temple (1/1) D:7
   Lair: D:8-11         Orc: D:9-12

Altars:
Ashenzari
Cheibriados
Gozag
Kikubaaqudgha
Makhleb
Nemelex Xobeh
Okawaru
Qazlal
Trog
Wu Jian
Xom
Zin
The Shining One

Shops:
D:5 *

Annotations:
D:4 exclusion: orc priest
D:9 exclusion: elephant


Innate Abilities, Weirdness & Mutations

You are weak. (Str -2)
You have hidden genetic potential.


Message History

You miss something.
You hear some strange, mumbled words.
A magic dart appears from out of thin air!
The magic dart hits you.
You hit something. You freeze something.
Cheibriados appreciates the change of pace.
Cheibriados raises the support of your attributes as your movement slows.
Reactivating autopickup.
You feel a bit more experienced.
d - 153 stones (gained 14)
Items here: )) [ ††.
Things that are here:
a +0 club; an orc corpse You see here a +0 mace.
Items here: )) [ ††.
Things that are here:
a +0 dagger; a +0 ring mail; an orc corpse
There is a stone staircase leading up here.
You climb upwards.
There is a stone staircase leading down here.
Found 17 gold pieces.
Found a smoky ruby potion.
Found 7 gold pieces.
Found Ozocubu's Autobiography.
Found a stone staircase leading up.
You now have 247 gold pieces (gained 17).
You now have 254 gold pieces (gained 7).
You pick up Ozocubu's Autobiography and begin reading...
You add the spells Ozocubu's Armour and Ozocubu's Refrigeration to your library.
Okay, then.
This spell is impossible to cast!
Memorise Ozocubu's Refrigeration, consuming 7 spell levels and leaving 2?
You start memorising the spell.
You continue memorising. x7
You finish memorising.
Spell assigned to 'e'.
A sourceless malevolence fills the Dungeon...
With a horrendous wail, an alarm goes off!
A sentinel's mark forms upon you.
You hear a bellow! x6; You hear a shout! x3
There is a stone staircase leading up here.
Unknown command.
There is a stone staircase leading up here.
There is a stone staircase leading up here.
A yak comes into view.
There is a stone staircase leading up here.
A centaur comes into view.
The centaur wields a +0 shortbow.
The centaur shoots an arrow.
The arrow hits you but does no damage.
The centaur shoots an arrow.
The arrow hits you.
There is a stone staircase leading up here.
The centaur shoots an arrow.
The arrow barely misses you.
You climb upwards.
Level annotation: exclusion: elephant
There is a stone staircase leading down here.
Unknown command.
A yak comes into view. x3
Casting: Olgreb's Toxic Radiance (dangerous; 5% risk of failure)
Confirm with . or Enter, or press ? or * to list all spells.
You begin to radiate toxic energy.
The yak is poisoned. x4
The yak looks even sicker. x3
A yak comes into view.
Casting: Olgreb's Toxic Radiance (dangerous; 5% risk of failure)
Confirm with . or Enter, or press ? or * to list all spells.
Your toxic radiance grows in intensity.
The yak looks even sicker. x2
The yak is poisoned.
The yak looks even sicker.
Unknown command.
Unknown command.
Okay, then.
Okay, then.
Unknown command.
You hit the yak but do no damage.
The yak is moderately wounded.
The yak looks as sick as possible!
The yak looks even sicker. x2
The yak gores you!
Unknown command.
Casting: Olgreb's Toxic Radiance (dangerous; 5% risk of failure)
Confirm with . or Enter, or press ? or * to list all spells.
Your toxic radiance grows in intensity.
The yak looks as sick as possible!
The yak looks even sicker.
The yak looks as sick as possible!
The yak looks even sicker.
The yak gores you.
Unknown command.
As you read the scroll of teleportation, it crumbles to dust.
You feel strangely unstable. The yak misses you.
Unknown command.
The yak attacks as you move away! The yak closely misses you.
The yak looks as sick as possible! x2
Your toxic aura wanes.
Unknown command.
Unknown command.
The yak attacks as you move away! The yak closely misses you.
The yak gores you but does no damage. The yak gores you!
Unknown command.
The yak attacks as you move away! The yak gores you!
* * * LOW HITPOINT WARNING * * *
The yak attacks as you move away! The yak gores you!
* * * LOW HITPOINT WARNING * * *
Your surroundings seem slightly different.
You kill the yak!
Cheibriados thoroughly appreciates the change of pace.
The yak completely misses you. The yak gores you!
You die...

#. #...## #.
...... #..
....# #.
##..Y.#
#.###.†.#
#.>..# ###
#.#.Y###....
#..YYY......
###.@.##...
##§.# # #..#
#..#
###..#####
###
#.>......##
#..
#.#.#.#.#.##
# #.#
#..........#
##.. #.#
#.#.......##
#....


You could see 4 yaks.

Vanquished Creatures
  Grinder (D:4)
  A yak (D:9)
  2 steam dragons (D:8)
  Menkaure (D:6)
  A water moccasin (D:4)
  An orc warrior (D:8)
  4 sky beasts
  An ice beast (D:8)
  A black bear (D:5)
  2 centaurs (D:9)
  2 kobold brigands (D:8)
  A gnoll sergeant (D:9)
  A necrophage (D:5)
  5 scorpions
  2 bullfrogs
  3 killer bees (D:8)
  5 hounds
  A jelly (D:6)
  2 orc priests
  A gnoll shaman (D:7)
  Natasha (D:3)
  3 orc wizards
  12 gnolls
  5 adders
  A white imp (D:6)
  An ufetubus (D:5)
  A dart slug (D:4)
  11 orcs
  2 ball pythons
  5 endoplasms
  3 giant cockroaches
  2 jackals (D:5)
  2 quokkas
  A frilled lizard (D:3)
  A goblin (D:2)
  12 kobolds
101 creatures vanquished.

Vanquished Creatures (collateral kills)
  A black bear (D:4)
  A giant cockroach (D:4)
2 creatures vanquished.

Grand Total: 103 creatures vanquished

Notes
Turn   | Place    | Note
-------+----------+-------------------------------------------
     0 | D:1      | Flugslaktarn the Human Venom Mage began the quest for the
                  | Orb.
     0 | D:1      | Reached XP level 1. HP: 13/13 MP: 3/3
   257 | D:3      | Reached XP level 2. HP: 19/19 MP: 1/5
   266 | D:3      | Learned a level 2 spell: Poisonous Vapours
   337 | D:3      | Noticed Natasha
   344 | D:3      | Killed Natasha
   345 | D:3      | Reached XP level 3. HP: 4/24 MP: 0/6
   429 | D:4      | Noticed a scorpion
   436 | D:4      | Killed a scorpion
   437 | D:4      | Reached skill level 4 in Poison Magic
   437 | D:4      | Reached XP level 4. HP: 10/30 MP: 0/8
   437 | D:4      | Reached XP level 5. HP: 12/35 MP: 0/9
   590 | D:4      | Noticed a phantom
   639 | D:5      | Entered Level 5 of the Dungeon
   639 | D:5      | Noticed a sky beast
   650 | D:5      | Killed a sky beast
   651 | D:5      | Reached skill level 5 in Poison Magic
   651 | D:5      | Reached XP level 6. HP: 10/41 MP: 0/10
   769 | D:4      | Noticed a black bear
   782 | D:4      | Noticed Grinder
   783 | D:4      | Paralysed by Grinder for 7 turns
   802 | D:4      | Killed a black bear
   803 | D:4      | Reached skill level 6 in Poison Magic
   809 | D:4      | Killed Grinder
   810 | D:4      | Reached skill level 7 in Poison Magic
   810 | D:4      | Reached XP level 7. HP: 7/47 MP: 4/11
   839 | D:4      | Noticed a water moccasin
   844 | D:4      | Killed a water moccasin
   845 | D:4      | Reached skill level 1 in Evocations
  1120 | D:5      | Reached XP level 8. HP: 28/57 MP: 1/12
  1127 | D:5      | Learned a level 4 spell: Olgreb's Toxic Radiance
  1131 | D:5      | Learned a level 3 spell: Mephitic Cloud
  1286 | D:5      | Found Fuoppial's Assorted Antiques.
  1289 | D:5      | Bought 2 smoky brown potions for 54 gold pieces
  1289 | D:5      | Bought a scroll labelled TUTAMI KUNN for 30 gold pieces
  1368 | D:5      | Reached skill level 1 in Polearms
  1599 | D:6      | Noticed Menkaure
  1605 | D:6      | Killed Menkaure
  1606 | D:6      | Reached skill level 5 in Fighting
  1637 | D:6      | Reached skill level 1 in Conjurations
  1637 | D:6      | Reached XP level 9. HP: 43/68 MP: 0/13
  1781 | D:6      | Reached skill level 1 in Unarmed Combat
  2038 | D:7      | Gained mutation: You sometimes lose the ability to read
                  | scrolls when taking damage. [potion of mutation]
  2038 | D:7      | Gained mutation: You are weak. (Str -2) [potion of
                  | mutation]
  2038 | D:7      | Lost mutation: You sometimes lose the ability to read
                  | scrolls when taking damage. [potion of mutation]
  2038 | D:7      | Gained mutation: You have hidden genetic potential. [potion
                  | of mutation]
  2149 | D:7      | Found a staircase to the Ecumenical Temple.
  2159 | Temple   | Entered the Ecumenical Temple
  2204 | Temple   | Became a worshipper of Cheibriados the Contemplative
  2463 | D:8      | Noticed a two-headed ogre
  2538 | D:8      | HP: 2/69 [orc warrior/+0 glaive (16)]
  2936 | D:8      | Reached * piety under Cheibriados
  3070 | D:9      | Reached XP level 10. HP: 28/76 MP: 4/17
  3073 | D:9      | Reached skill level 5 in Spellcasting
  3086 | D:9      | Noticed an elephant
  3098 | D:10     | Entered Level 10 of the Dungeon
  3176 | D:10     | Learned a level 7 spell: Ozocubu's Refrigeration
  3197 | D:9      | Slain by a yak

Illustrated notes

Levels and vault maps discovered:
D:1:      lordsloth_arrival_two_stooges, layout_rooms,
          dilly_ecumenical_altar_fadedgnrine, kennysheep_decorative_pillar,
          minmay_misc_feat_rugged, minmay_misc_feat_four_crosses
D:2:      layout_loops_ring, lightli_corner_chamber
D:3:      layout_loops_cross, amethyst_overflow_temple_binary,
          mainiacjoe_overflow_concentric_impassable, roderic_serpentine_path,
          amcnicky_mini_corridor_feature, uniq_natasha
D:4:      layout_basic, hex_medium, uniq_grinder
D:5:      layout_loops_ring, portal_sewer_entry_d, serial_shops,
          nicolae_shop_behind_doors, uniq_pikel
D:6:      layout_rooms, kennysheep_generic_room_2, uniq_menkaure
D:7:      nicolae_cairo_tiling, layout_layer_cave,
          minmay_temple_entry_statues_fountains
D:8:      layout_loops_cross, chequers_temple_overflow_statue_of_worship,
          minivault_19, minmay_stone_trees_medium
D:9:      layout_loops_ring, elyvilon_altar_1, david_lair_generic, st_stairs_4
D:10:     layout_loops_cross, mainiacjoe_overflow_cross_hatched,
          nicolae_uskayaw_en_pointe
D:11:     layout_loops_ring, orc_david_3, hellmonk_guarded_unrand_zhor
Temple:   cyrus_circular_temple

Skill      XL: |  1  2  3  4  5  6  7  8  9 10 |
---------------+-------------------------------+-----
Transmutations | 2 |  2.0
Spellcasting   | 3 4 5 |  5.0
Poison Magic   | 4 5 7 |  7.0
Air Magic      | 2 |  2.0
Fighting       | 2 5 6 |  6.0
Evocations     | 2 3 4 |  4.5
Dodging        | 3 4 |  4.0
Polearms       | 2 |  2.0
Conjurations   | 1 |  1.0
Unarmed Combat | 4 |  4.2
Stealth        | |  2.0
Invocations    | |  0.2

Action                   |  1- 3 |  4- 6 |  7- 9 | 10-12 || total
-------------------------+-------+-------+-------+-------++-------
Melee: Short sword       |    15 |       |       |       ||    15
       Trident           |       |       |    95 |    17 ||   112
       Punch             |       |       |     2 |       ||     2
 Fire: Hunting sling     |     1 |     9 |       |       ||    10
 Cast: Sting             |    20 |    13 |    86 |     1 ||   120
       Poisonous Vapours |     5 |     5 |    22 |       ||    32
       Olgreb's Toxic Ra |       |       |    16 |     5 ||    21
       Mephitic Cloud    |       |       |     7 |       ||     7
Evoke: Wand              |       |       |    17 |     1 ||    18
  Use: Potion            |     1 |       |     3 |       ||     4
       Scroll            |     2 |     2 |     5 |     1 ||    10
 Stab: Sleeping          |       |       |     1 |       ||     1
Armor: Robe              |     5 |     6 |    45 |     5 ||    61
Dodge: Dodged            |    14 |     6 |   117 |     7 ||   144

Table legend: (Time is in decaauts)
 A = Elapsed time spent in this place.
 B = Non-inter-level travel time spent in this place.
 C = Inter-level travel time spent in this place.
 D = Time resting spent in this place.
 E = Time spent auto-exploring this place.
 F = Levels seen in this place.
 G = Mean time per level.
                   A        B        C        D        E       F      G
               +--------+--------+--------+--------+--------+-----+--------+
         Total |   3503 |   3034 |    469 |      0 |      0 |  12 |  291.9 |
       Dungeon |   3443 |   2999 |    444 |      0 |      0 |  11 |  313.0 |
        Temple |     59 |     34 |     25 |      0 |      0 |   1 |   59.0 |
               +--------+--------+--------+--------+--------+-----+--------+

Top non-repeatable levels by time:
     D:8: 795 daAuts
     D:4: 731 daAuts
     D:5: 530 daAuts
     D:7: 451 daAuts
     D:6: 326 daAuts
     D:3: 216 daAuts
     D:9: 133 daAuts
     D:2: 119 daAuts
    D:10: 65 daAuts
  Temple: 59 daAuts
    D:11: 47 daAuts
     D:1: 25 daAuts
